[Event "Match UKR vs KGZ 2021"]
[Site "Online"]
[Date "2021.02.14"]
[Round "1.6"]
[White "Sharshenbekov, Emir"]
[Black "Tulchynskyi, Feliks"]
[Result "1/2-1/2"]
[ECO "B22"]
[WhiteElo "1238"]
[BlackElo "1851"]
[Annotator "NA RC"]
[PlyCount "132"]
[EventDate "2021.02.14"]
[EventType "team-tourn"]
[EventCountry "NET"]
[SourceTitle "playchess.com"]
[Source "ChessBase"]
[SourceQuality "1"]
[WhiteTeam "Kyrgyzstan"]
[BlackTeam "Ukraine"]
[WhiteTeamCountry "KGZ"]
[BlackTeamCountry "UKR"]
[TimeControl "900+10"]

1. e4 c5 2. c3 d5 3. exd5 Qxd5 4. d4 Nf6 5. Nf3 cxd4 6. cxd4 e6 7. Nc3 Qd8 8. Bd3 {[%emt 0:00:30] 8.Bd3 is better than 8.Bc4.} Nc6 9. O-O Be7 10. h3 O-O 11. Be3 b6 12. Rc1 Bb7 13. Bb1 Nb4 {[%emt 0:01:01] [#]} 14. Ne5 $146 ({Predecessor:} 14. a3 Nbd5 15. Nxd5 Qxd5 16. Qe2 Qh5 17. Rc7 Bxf3 18. Qxf3 Qxf3 19. gxf3 Nd5 20. Rb7 Rfb8 21. Rd7 Rd8 22. Rb7 Rdb8 23. Rd7 Rd8 {½-½ (23) Sahin,O (2042)-Radovanovic,N (2392) Paracin 2016}) 14... Rc8 15. Qd2 Nbd5 16. Bg5 Nd7 17. Bxe7 Qxe7 18. f4 Rfd8 19. Nxd7 Qxd7 ({Wrong is} 19... Rxd7 $2 20. Nxd5 exd5 21. Rxc8+ Bxc8 22. Qc2 $16 {[%mdl 64] Double Attack}) 20. f5 Nf6 21. fxe6 Qxd4+ 22. Qxd4 Rxd4 23. exf7+ Kf8 24. Rc2 Rcd8 25. Ne2 Rd2 26. Nf4 Kxf7 27. a3 Rxc2 28. Bxc2 Rd2 29. Rf2 Rxf2 30. Kxf2 Ke7 31. g4 g5 32. Ne2 Kd6 33. Kg3 Ke5 34. h4 {[%emt 0:00:11] [#]} ({White should play} 34. Kf2 $15) 34... h6 (34... Ne4+ $1 $17 35. Kh3 Ba6) 35. hxg5 $1 hxg5 36. Ng1 Kd4 37. Nh3 Bc8 38. Bd1 Ne4+ 39. Kg2 Ke3 40. Bf3 Nd2 41. Bd1 Bb7+ 42. Kg1 Nc4 43. b4 Nxa3 44. Nxg5 Nb5 45. Ne6 (45. Nh3 $17) 45... Bd5 46. Nf8 Nc3 47. Bc2 Kf4 48. Bf5 Na2 49. Ng6+ Kg5 50. Ne7 Nxb4 51. Nc8 Nc6 52. Bd7 Ne5 53. Bf5 Nc6 54. Bd7 Kf4 55. Kf2 Ne5 56. Bf5 b5 57. Nxa7 b4 58. Nb5 Nc6 59. Bd7 Na5 60. Ke1 Nc4 $11 61. Nd4 Ne5 62. Bf5 b3 63. Kd2 Nxg4 64. Bxg4 Kxg4 65. Kc3 Kf4 66. Nxb3 Bxb3 1/2-1/2

[Event "Match UKR vs KGZ 2021"]
[Site "Online"]
[Date "2021.02.14"]
[Round "1.7"]
[White "Niezhentsev, Kyrylo"]
[Black "Momunaliev, Ruslan"]
[Result "1-0"]
[ECO "C00"]
[WhiteElo "1628"]
[BlackElo "1324"]
[Annotator "NA RC"]
[PlyCount "77"]
[EventDate "2021.02.14"]
[EventType "team-tourn"]
[EventCountry "NET"]
[SourceTitle "playchess.com"]
[Source "ChessBase"]
[SourceQuality "1"]
[WhiteTeam "Ukraine"]
[BlackTeam "Kyrgyzstan"]
[WhiteTeamCountry "UKR"]
[BlackTeamCountry "KGZ"]
[TimeControl "900+10"]

1. e4 e6 2. Qe2 c5 3. g3 Nc6 4. Nf3 Nf6 5. Bg2 Be7 6. O-O O-O 7. d3 d5 8. e5 Nd7 9. c3 Re8 10. h4 f6 11. d4 fxe5 12. dxe5 Qc7 13. Bf4 Nf8 14. h5 g6 15. g4 gxh5 16. gxh5 Nd7 17. Re1 Rf8 18. Bg3 Rf5 19. Bh3 Rxh5 20. Bxe6+ Kh8 21. Bg4 Rh6 22. e6 Bd6 23. e7 Nf6 24. e8=Q+ Nxe8 25. Qxe8+ Kg7 26. Bxd6 Qxd6 27. Bxc8 Rxc8 28. Qxc8 Qg6+ 29. Kf1 Qd3+ 30. Re2 Qxf3 31. Qxb7+ Kf8 32. Qc8+ Kf7 33. Qd7+ Kg6 34. Qxc6+ Kg5 35. Re5+ Kg4 36. Qxh6 Qd1+ 37. Kg2 Qf3+ 38. Kg1 Qd1+ 39. Kh2 1-0

[Event "Match UKR vs KGZ 2021"]
[Site "Online"]
[Date "2021.02.14"]
[Round "1.10"]
[White "Berdibaeva, Edisa"]
[Black "Alekseenko, Yuliya"]
[Result "1/2-1/2"]
[ECO "B45"]
[WhiteElo "1272"]
[BlackElo "1760"]
[Annotator "NA RC"]
[PlyCount "147"]
[EventDate "2021.02.14"]
[EventType "team-tourn"]
[EventCountry "NET"]
[SourceTitle "playchess.com"]
[Source "ChessBase"]
[SourceQuality "1"]
[WhiteTeam "Kyrgyzstan"]
[BlackTeam "Ukraine"]
[WhiteTeamCountry "KGZ"]
[BlackTeamCountry "UKR"]
[TimeControl "900+10"]

1. e4 c5 2. Nf3 e6 3. d4 cxd4 4. Nxd4 Nf6 5. Nc3 Nc6 6. Ndb5 Bb4 7. a3 Bxc3+ 8. Nxc3 d5 9. exd5 exd5 10. Bd3 O-O 11. O-O h6 12. h3 Re8 13. b3 Be6 14. Bb2 a6 15. Qd2 Qd6 16. Rad1 Rad8 17. Ne2 Ne5 18. Ng3 Nxd3 19. Qxd3 Qf4 20. Rfe1 Ne4 21. Nxe4 dxe4 22. Qc3 f6 23. Qb4 Bd5 24. Qb6 Rd6 25. Qe3 Qf5 26. c4 Red8 27. cxd5 Rxd5 28. Rxd5 Qxd5 29. Qxe4 Qxb3 30. Qe6+ Qxe6 31. Rxe6 Rd1+ 32. Kh2 Rd2 33. Rb6 Rxf2 34. Rxb7 Rc2 35. Rb6 Kf7 36. Bd4 Rc4 37. Bg1 Ra4 38. Bc5 Rc4 39. Bb4 Rc2 40. Rxa6 g5 41. Rd6 h5 42. Rd2 Rc7 43. Ra2 Ke6 44. Rd2 Rc6 45. a4 f5 46. a5 f4 47. Ra2 Ra6 48. g4 fxg3+ 49. Kxg3 Kd5 50. Rc2 Kd4 51. Rc5 Rg6 52. Rb5 g4 53. Rxh5 gxh3+ 54. Kxh3 Kc4 55. Be1 Re6 56. Bg3 Kb4 57. Bc7 Rc6 58. Bb6 Kc4 59. Kg4 Rf6 60. Re5 Kb4 61. Kg5 Rc6 62. Kf5 Kc4 63. Ke4 Rh6 64. Rc5+ Kb4 65. Rf5 Kc4 66. Ke5 Kb5 67. Kd4+ Kc6 68. Rc5+ Kb7 69. Kc4 Rc6 70. Kb5 Rxc5+ 71. Bxc5 Ka8 72. a6 Kb8 73. a7+ Ka8 74. Kb6 1/2-1/2

[Event "Match UKR vs KGZ 2021"]
[Site "Online"]
[Date "2021.02.14"]
[Round "1.12"]
[White "Momunkulova, Imannur"]
[Black "Petrenko, Maryna"]
[Result "1/2-1/2"]
[ECO "B04"]
[WhiteElo "1294"]
[BlackElo "1511"]
[Annotator "NA RC"]
[PlyCount "141"]
[EventDate "2021.02.14"]
[EventType "team-tourn"]
[EventCountry "NET"]
[SourceTitle "playchess.com"]
[Source "ChessBase"]
[SourceQuality "1"]
[WhiteTeam "Kyrgyzstan"]
[BlackTeam "Ukraine"]
[WhiteTeamCountry "KGZ"]
[BlackTeamCountry "UKR"]
[TimeControl "900+10"]

1. e4 Nf6 2. e5 Nd5 3. d4 d6 4. Nf3 Nc6 5. Bb5 a6 6. Ba4 Nb6 7. Bxc6+ bxc6 8. O-O Bf5 9. Nc3 e6 10. Qe2 Be7 11. Bf4 O-O 12. exd6 cxd6 13. Ne4 d5 14. Nc5 Nd7 15. Ne5 Nxe5 16. Bxe5 Qa5 17. Nd3 c5 18. dxc5 Bxc5 19. Nxc5 Qxc5 20. c3 a5 21. Bd4 Qc7 22. b4 Qd7 23. b5 a4 24. Rfd1 Rfc8 25. g4 Bg6 26. h4 h6 27. g5 Qe7 28. gxh6 gxh6 29. Qe5 f6 30. Qxf6 Qxf6 31. Bxf6 Rab8 32. Rd4 Rxb5 33. Rxa4 Kf7 34. Be5 Be4 35. Ra7+ Kg6 36. a4 Rb3 37. a5 Kf5 38. f4 Rg8+ 39. Rg7 Rxg7+ 40. Bxg7 Kg6 41. Be5 Rb7 42. a6 Ra7 43. Bd4 Ra8 44. a7 Kh5 45. Ra2 Bg6 46. Rb2 Be8 47. Rb8 Bc6 48. Kf2 Kxh4 49. Rb6 Bd7 50. Rd6 Bc8 51. f5 exf5 52. Rxh6+ Kg5 53. Rd6 Bb7 54. Rb6 Rxa7 55. Rb2 Ra1 56. Rxb7 Ra5 57. Rg7+ Kf4 58. Ra7 Rb5 59. Ra4 Rb2+ 60. Ke1 Kf3 61. c4 Rb1+ 62. Kd2 dxc4 63. Rxc4 Rf1 64. Be5 Kg2 65. Ke2 Rf2+ 66. Ke1 Rf1+ 67. Kd2 Rf3 68. Rc2 Rf2+ 69. Kd3 Rxc2 70. Kxc2 f4 71. Bxf4 1/2-1/2

[Event "Match UKR vs KGZ 2021"]
[Site "Online"]
[Date "2021.02.14"]
[Round "1.13"]
[White "Toroptseva, Yevheniia"]
[Black "Sezdbekova, Aizhan"]
[Result "0-1"]
[ECO "C30"]
[WhiteElo "1655"]
[BlackElo "1442"]
[Annotator "NA RC"]
[PlyCount "170"]
[EventDate "2021.02.14"]
[EventType "team-tourn"]
[EventCountry "NET"]
[SourceTitle "playchess.com"]
[Source "ChessBase"]
[SourceQuality "1"]
[WhiteTeam "Ukraine"]
[BlackTeam "Kyrgyzstan"]
[WhiteTeamCountry "UKR"]
[BlackTeamCountry "KGZ"]
[TimeControl "900+10"]

1. e4 e5 2. Nc3 Nf6 3. f4 d6 4. Nf3 Nc6 5. Bb5 exf4 6. d4 Bd7 7. Bxf4 Be7 8. O-O O-O 9. Kh1 a6 10. Bd3 Bg4 11. Ne2 Bxf3 12. Rxf3 d5 13. e5 Ne4 14. c3 f5 15. exf6 Nxf6 16. Ng3 Bd6 17. Bxd6 Qxd6 18. Nf5 Qd7 19. Rg3 g6 20. Nh4 Ne7 21. Nf3 Ne4 22. Bxe4 dxe4 23. Ne5 Qe6 24. Re3 Nd5 25. Rxe4 Qf5 26. Qf3 Qxf3 27. Nxf3 c6 28. h3 Rae8 29. Rae1 Rd8 30. Ng5 Rd7 31. Ne6 Rf2 32. Nc5 Rdf7 33. Re8+ Kg7 34. Ne6+ Kh6 35. Re4 g5 36. Rg8 Nf6 37. Nxg5 Nxe4 38. Nxf7+ Rxf7 39. Kg1 Nd2 40. Rd8 Nc4 41. b3 Ne3 42. c4 Rg7 43. Rd6+ Kh5 44. g4+ Kh4 45. Kf2 Nd1+ 46. Ke2 Nc3+ 47. Kd3 Nxa2 48. Rh6+ Kg3 49. Rh5 b6 50. d5 cxd5 51. cxd5 Nb4+ 52. Kc4 Nc2 53. d6 Ne3+ 54. Kd4 Kf4 55. Rh6 a5 56. Re6 Nc2+ 57. Kc3 Nb4 58. Kd4 Rd7 59. Rf6+ Kg5 60. Rf5+ Kg6 61. Ke5 Rd8 62. Ke6 Nc6 63. Rf6+ Kg5 64. Rf7 Nd4+ 65. Ke7 Nc6+ 66. Ke6 Nd4+ 67. Kd5 Nxb3 68. Rf5+ Kg6 69. h4 a4 70. h5+ Kh6 71. Re5 b5 72. Kc6 b4 73. d7 a3 74. Kc7 Rxd7+ 75. Kxd7 a2 76. Ke7 a1=Q 77. Kf6 Nc5 78. g5+ Kxh5 79. g6+ Qxe5+ 80. Kf7 Qe6+ 81. Kg7 Qxg6+ 82. Kh8 Qe4 83. Kg7 Nd7 84. Kh8 Kg6 85. Kg8 Qe8# 0-1

[Event "Match UKR vs KGZ 2021"]
[Site "Online"]
[Date "2021.02.14"]
[Round "1.14"]
[White "Makeeva, Bermet"]
[Black "Kovalyshyn, Yuliana"]
[Result "1-0"]
[ECO "B44"]
[WhiteElo "1157"]
[BlackElo "1137"]
[Annotator "NA RC"]
[PlyCount "127"]
[EventDate "2021.02.14"]
[EventType "team-tourn"]
[EventCountry "NET"]
[SourceTitle "playchess.com"]
[Source "ChessBase"]
[SourceQuality "1"]
[WhiteTeam "KGZ"]
[BlackTeam "UKR"]
[WhiteTeamCountry "KGZ"]
[TimeControl "900+10"]

1. e4 c5 2. Nf3 e6 3. c4 Nc6 4. d4 cxd4 5. Nxd4 Bb4+ 6. Nc3 Nf6 7. Nxc6 bxc6 8. Bd3 O-O 9. Bg5 e5 10. O-O d6 11. f4 Bc5+ 12. Kh1 Re8 13. fxe5 dxe5 14. Bxf6 gxf6 15. Qf3 Be7 16. Qg3+ Kh8 17. Rad1 Rg8 18. Qf2 Bg4 19. Be2 Qc8 20. h3 Bxe2 21. Nxe2 Rg7 22. Ng3 Qe6 23. Nf5 Rg6 24. Nxe7 Qxe7 25. Rg1 Rag8 26. g4 Rh6 27. Kh2 Qb7 28. Rg3 c5 29. Rdg1 Qxe4 30. Qxc5 Qe2+ 31. R1g2 Qd1 32. Qxa7 e4 33. Qxf7 Qe1 34. Qd5 e3 35. Rg1 Qd2+ 36. Qxd2 exd2 37. Rd1 Rd8 38. Rg2 Rc8 39. Rgxd2 Rxc4 40. Rd8+ Kg7 41. R8d2 Rxg4 42. Rg2 Rxg2+ 43. Kxg2 Rg6+ 44. Kh2 f5 45. b4 Rb6 46. Rb1 Kf6 47. b5 Ke5 48. Kg3 Ke4 49. Kf2 Kf4 50. a4 Ke5 51. a5 Rb8 52. b6 Kd6 53. a6 Kc6 54. b7 Kc7 55. a7 Rxb7 56. Rc1+ Kb6 57. a8=Q h5 58. Rb1+ Kc5 59. Qxb7 Kd4 60. Qd7+ Ke4 61. Re1+ Kf4 62. Qd4+ Kg5 63. Rg1+ Kh6 64. Qg7# 1-0

[Event "Match UKR vs KGZ 2021"]
[Site "Online"]
[Date "2021.02.14"]
[Round "2.6"]
[White "Tulchynskyi, Feliks"]
[Black "Sharshenbekov, Emir"]
[Result "0-1"]
[ECO "D02"]
[WhiteElo "1851"]
[BlackElo "1238"]
[Annotator "NA RC"]
[PlyCount "96"]
[EventDate "2021.02.14"]
[EventType "team-tourn"]
[EventCountry "NET"]
[SourceTitle "playchess.com"]
[Source "ChessBase"]
[SourceQuality "1"]
[WhiteTeam "Ukraine"]
[BlackTeam "Kyrgyzstan"]
[WhiteTeamCountry "UKR"]
[BlackTeamCountry "KGZ"]
[TimeControl "900+10"]

1. Nf3 d5 2. g3 Nf6 3. Bg2 e6 4. O-O Bd6 5. d4 O-O 6. c4 Nc6 7. Nbd2 b6 8. b3 Bb7 9. Bb2 Ne4 $11 10. Ne5 Bxe5 11. dxe5 Nxd2 12. Qxd2 dxc4 13. Qc3 Na5 14. Bxb7 Nxb7 15. Qxc4 c5 16. Rfd1 Qc7 17. Bc3 Rfd8 18. e3 Qc6 19. Qe2 Rxd1+ 20. Rxd1 Rd8 21. f3 Rxd1+ 22. Qxd1 Qd5 23. Qe2 Nd8 24. e4 Qd7 25. Qd2 Qxd2 26. Bxd2 Nc6 27. Bc3 Kf8 28. Kf2 Ke7 29. Ke3 b5 30. a4 b4 31. Be1 Nxe5 32. f4 Nc6 33. Kd3 Na5 34. e5 Kd7 35. Kc2 Kc6 36. Bf2 Kd5 37. Bg1 a6 38. Bf2 c4 39. Be1 cxb3+ 40. Kd3 Nc6 41. Bf2 b2 42. Kc2 Kc4 43. Kxb2 b3 44. Be1 Nb4 45. Bd2 Nd3+ 46. Ka3 Nc5 47. a5 Kd3 48. Bb4 Kc2 0-1

[Event "Match UKR vs KGZ 2021"]
[Site "Online"]
[Date "2021.02.14"]
[Round "2.7"]
[White "Momunaliev, Ruslan"]
[Black "Niezhentsev, Kyrylo"]
[Result "1-0"]
[ECO "B25"]
[WhiteElo "1324"]
[BlackElo "1628"]
[Annotator "NA RC"]
[PlyCount "95"]
[EventDate "2021.02.14"]
[EventType "team-tourn"]
[EventCountry "NET"]
[SourceTitle "playchess.com"]
[Source "ChessBase"]
[SourceQuality "1"]
[WhiteTeam "Kyrgyzstan"]
[BlackTeam "Ukraine"]
[WhiteTeamCountry "KGZ"]
[BlackTeamCountry "UKR"]
[TimeControl "900+10"]

1. e4 c5 2. Nc3 e6 3. d3 Nc6 4. Nge2 g6 5. g3 Bg7 6. Bg2 Nge7 7. O-O O-O 8. f4 d6 9. Be3 b6 10. g4 f5 11. exf5 exf5 12. gxf5 Bxf5 13. Bf2 d5 14. Re1 Bg4 15. Qd2 Qd7 16. d4 c4 17. b3 cxb3 18. axb3 Be6 19. Ng3 Rf7 20. Nce2 Raf8 21. Rad1 g5 22. f5 Bxf5 23. Nxf5 Qxf5 24. Be3 g4 25. Ng3 Qg6 26. c4 Na5 27. cxd5 Qd6 28. Ne4 Qd7 29. d6 Nf5 30. Ng5 Rf6 31. Bf4 Nxd6 32. Be5 Rf2 33. Bd5+ Kh8 34. Bxg7+ Qxg7 35. Qe3 Qf6 36. Ne6 Rf7 37. Qe5 Qxe5 38. dxe5 Nb5 39. Ng5 Rf8 40. e6 R2f5 41. e7 Re8 42. Bf7 Rxf7 43. Nxf7+ Kg7 44. Ng5 Nxb3 45. Rd8 Nc7 46. Ne6+ Nxe6 47. Rxe8 Nc7 48. Rc8 1-0

[Event "Match UKR vs KGZ 2021"]
[Site "Online"]
[Date "2021.02.14"]
[Round "2.10"]
[White "Alekseenko, Yuliya"]
[Black "Berdibaeva, Edisa"]
[Result "1-0"]
[ECO "D85"]
[WhiteElo "1760"]
[BlackElo "1272"]
[Annotator "NA RC"]
[PlyCount "65"]
[EventDate "2021.02.14"]
[EventType "team-tourn"]
[EventCountry "NET"]
[SourceTitle "playchess.com"]
[Source "ChessBase"]
[SourceQuality "1"]
[WhiteTeam "Ukraine"]
[BlackTeam "Kyrgyzstan"]
[WhiteTeamCountry "UKR"]
[BlackTeamCountry "KGZ"]
[TimeControl "900+10"]

1. d4 Nf6 2. c4 g6 3. Nc3 d5 4. cxd5 Nxd5 5. e4 Nxc3 6. bxc3 Bg7 7. Nf3 c5 8. Rb1 O-O 9. Be2 Bg4 10. Be3 b6 11. O-O cxd4 12. cxd4 Nc6 13. d5 Bxf3 14. Bxf3 Ne5 15. Be2 Rc8 16. Qa4 Qc7 17. Rfc1 Qb8 18. f4 Bh6 19. Rxc8 Rxc8 20. Rb3 Nf3+ 21. Bxf3 Bxf4 22. Bxf4 Qxf4 23. Rb1 Qe3+ 24. Kh1 b5 25. Qd1 a6 26. Qe1 Qc5 27. h3 Qc7 28. e5 Qd7 29. d6 exd6 30. Bg4 Qd8 31. Bxc8 Qxc8 32. exd6 Qd7 33. Qe7 1-0

[Event "Match UKR vs KGZ 2021"]
[Site "Online"]
[Date "2021.02.14"]
[Round "2.12"]
[White "Petrenko, Maryna"]
[Black "Momunkulova, Imannur"]
[Result "1/2-1/2"]
[ECO "B33"]
[WhiteElo "1511"]
[BlackElo "1294"]
[Annotator "NA RC"]
[PlyCount "84"]
[EventDate "2021.02.14"]
[EventType "team-tourn"]
[EventCountry "NET"]
[SourceTitle "playchess.com"]
[Source "ChessBase"]
[SourceQuality "1"]
[WhiteTeam "Ukraine"]
[BlackTeam "Kyrgyzstan"]
[WhiteTeamCountry "UKR"]
[BlackTeamCountry "KGZ"]
[TimeControl "900+10"]

1. e4 c5 2. Nc3 Nc6 3. Nf3 Nf6 4. d4 cxd4 5. Nxd4 e5 6. Nb3 Bb4 7. Bd3 Bxc3+ 8. bxc3 O-O 9. O-O h6 10. f3 d6 11. Be3 Be6 12. Rb1 b6 13. Qd2 Rc8 14. a4 Ne7 15. a5 d5 16. axb6 axb6 17. Nc1 Nd7 18. Ne2 dxe4 19. fxe4 Nc5 20. Rfd1 Qc7 21. c4 Bxc4 22. Bxc4 Nxe4 23. Bxf7+ Rxf7 24. Qd3 Qxc2 25. Bxb6 Qxd3 26. Rxd3 Rc2 27. Re1 Ng6 28. Ng3 Nf6 29. Be3 Ng4 30. h3 Nxe3 31. Rdxe3 Rff2 32. Ne2 Rf6 33. Ng3 Nf4 34. Ne2 Rg6 35. g4 Rd6 36. Nxf4 exf4 37. Rf3 Rdd2 38. Ra1 Rg2+ 39. Kf1 Rh2 40. Kg1 Rhd2 41. Ra8+ Kh7 42. Ra1 Rg2+ 1/2-1/2

[Event "Match UKR vs KGZ 2021"]
[Site "Online"]
[Date "2021.02.14"]
[Round "2.13"]
[White "Sezdbekova, Aizhan"]
[Black "Toroptseva, Yevheniia"]
[Result "0-1"]
[ECO "B25"]
[WhiteElo "1442"]
[BlackElo "1655"]
[Annotator "NA RC"]
[PlyCount "78"]
[EventDate "2021.02.14"]
[EventType "team-tourn"]
[EventCountry "NET"]
[SourceTitle "playchess.com"]
[Source "ChessBase"]
[SourceQuality "1"]
[WhiteTeam "Kyrgyzstan"]
[BlackTeam "Ukraine"]
[WhiteTeamCountry "KGZ"]
[BlackTeamCountry "UKR"]
[TimeControl "900+10"]

1. e4 c5 2. Nc3 Nc6 3. g3 g6 4. Bg2 Bg7 5. d3 d6 6. f4 Rb8 7. Nf3 e6 8. O-O Nge7 9. Be3 b5 10. Rb1 b4 11. Ne2 O-O 12. d4 c4 13. d5 exd5 14. exd5 Nf5 15. Bf2 Na5 16. Bxa7 Ra8 17. Bf2 Ba6 18. Re1 c3 19. bxc3 bxc3 20. Bb6 Bxe2 21. Rxe2 Qd7 22. Nd4 Nc4 23. Nxf5 Qxf5 24. Bd4 Nb2 25. Qf1 Bxd4+ 26. Kh1 Nc4 27. Rb4 Ne3 28. Qc1 Bc5 29. Rb3 Nxg2 30. Rxg2 Qxd5 31. Rxc3 Rxa2 32. Rd3 Qc6 33. Rd1 Rfa8 34. Qd2 Ra1 35. h3 Qf3 36. Rxa1 Rxa1+ 37. Kh2 Qf1 38. g4 Rd1 39. Qe2 Qxf4+ 0-1

[Event "Match UKR vs KGZ 2021"]
[Site "Online"]
[Date "2021.02.14"]
[Round "2.14"]
[White "Kovalyshyn, Yuliana"]
[Black "Makeeva, Bermet"]
[Result "0-1"]
[ECO "C44"]
[WhiteElo "1137"]
[BlackElo "1157"]
[Annotator "NA RC"]
[PlyCount "136"]
[EventDate "2021.02.14"]
[EventType "team-tourn"]
[EventCountry "NET"]
[SourceTitle "playchess.com"]
[Source "ChessBase"]
[SourceQuality "1"]
[WhiteTeam "UKR"]
[BlackTeam "KGZ"]
[BlackTeamCountry "KGZ"]
[TimeControl "900+10"]

1. e4 e5 2. Nf3 Nc6 3. d4 exd4 4. c3 dxc3 5. Nxc3 d6 6. Bc4 Nf6 7. Qb3 Be6 8. Bxe6 fxe6 9. Qxb7 Na5 10. Qa6 c5 11. Qb5+ Nd7 12. Bg5 Qb6 13. Qe2 Rb8 14. Rb1 Nc6 15. O-O Be7 16. Bxe7 Nxe7 17. e5 d5 18. Qd2 O-O 19. Qg5 Ng6 20. Rfe1 Rf5 21. Qg3 Rbf8 22. Nh4 Nxh4 23. Qxh4 Rxf2 24. Rf1 Rxf1+ 25. Rxf1 c4+ 26. Rf2 Rxf2 27. Qxf2 Qxf2+ 28. Kxf2 Nxe5 29. Ke3 Kf7 30. Nb5 a6 31. Nc7 Ng4+ 32. Ke2 h5 33. Nxa6 Ne5 34. a4 Nc6 35. Nc5 e5 36. b3 Nd4+ 37. Kd2 cxb3 38. Kc1 Ke7 39. a5 Kd6 40. a6 Nb5 41. Nxb3 Kc6 42. Kd2 Kb6 43. Ke3 Kxa6 44. Nc5+ Kb6 45. Nd7+ Kc7 46. Nxe5 Kd6 47. Nd3 Nc7 48. Kf4 Ne6+ 49. Kf5 g5 50. Kg6 h4 51. Kh5 Nf4+ 52. Nxf4 gxf4 53. Kg4 Ke5 54. Kf3 Kd4 55. Kxf4 Kc3 56. Kf3 d4 57. Ke2 Kc2 58. Ke1 d3 59. Kf2 d2 60. g3 hxg3+ 61. Kxg3 d1=Q 62. h3 Kd3 63. Kh4 Qg1 64. Kh5 Qg3 65. h4 Ke4 66. Kh6 Kf5 67. h5 Kf6 68. Kh7 Qg7# 0-1